 Dungeon Crawl Stone Soup version 0.28.0-43-g3370ac3207 (webtiles) character file.

Game seed: 1775110830980797176

84 Zonian the Chiller (level 4, -1/30 HPs)
             Began as a Demonspawn Ice Elementalist on Mar 6, 2022.
             Was a Follower of Makhleb.
             Shot with an arrow by a centaur (10 damage)
             ... on level 4 of the Dungeon.
             The game lasted 00:05:28 (3297 turns).

Zonian the Chiller (Demonspawn Ice Elementalist)    Turns: 3297, Time: 00:05:28

Health: -1/30      AC:  2    Str:  8    XL:     4   Next: 24%
Magic:  8/8        EV: 12    Int: 18    God:    Makhleb [*.....]
Gold:   24         SH:  0    Dex: 14    Spells: 4/8 levels left

rFire   . . .      SeeInvis .   (no weapon)
rCold   . . .      Faith    .   (no shield)
rNeg    . . .      Spirit   .   a - +0 robe
rPois   .          Reflect  .   (no helmet)
rElec   .          Harm     .   n - scarf {shadows}
rCorr   .          Rampage  .   (no gloves)
Will    .....                   (no boots)
Stlth   ++........              (no amulet)
HPRegen 0.10/turn               (no ring)
MPRegen 0.11/turn               (no ring)

@: no status effects
A: claws 2
a: Renounce Religion


You were on level 4 of the Dungeon.
You worshipped Makhleb.
Makhleb was aware of your devotion.
You visited 1 branch of the dungeon, and saw 4 of its levels.

You collected 144 gold pieces.
You spent 120 gold pieces at shops.

Inventory:

Hand Weapons
 c - a +0 short sword
Armour
 a - a +0 robe (worn)
 k - a +3 ring mail
 n - a scarf of shadows (worn)
 o - a +0 pair of gloves
Scrolls
 b - a scroll of silence
 g - a scroll of acquirement {unknown}
 i - a scroll of brand weapon {unknown}
Potions
 d - a potion of cancellation {unknown}
 e - a potion of resistance {unknown}
 f - 2 potions of curing
 h - a potion of berserk rage {unknown}
 j - a potion of haste {unknown}
 l - a potion of might {unknown}


   Skills:
 + Level 2.5 Dodging
 + Level 2.6 Stealth
 + Level 0.1 Unarmed Combat
 + Level 2.6 Spellcasting
 + Level 4.1 Ice Magic


You had 4 spell levels left.
You knew the following spells:

 Your Spells              Type           Power      Damage    Failure   Level
a - Freeze                Ice            68%        1d8       3%          1
b - Frozen Ramparts       Ice            34%        1d5       10%         3

Your spell library contained the following spells:

 Spells                   Type           Power      Damage    Failure   Level
 Ozocubu's Armour         Ice            17%        N/A       10%         3
 Static Discharge         Conj/Air       2%         N/A       26%         2
 Hailstorm                Conj/Ice       9%         3d4       58%         4
 Dispel Undead            Necr           2%         3d7       86%         4
 Sticky Flame             Conj/Fire      2%         2d3       86%         4


Dungeon Overview and Level Annotations

Branches:
Dungeon (4/15)
 Temple: D:4-7

Altars:
Makhleb

Shops:
D:3 [

Annotations:
D:3 Robin
D:4 Eustachio


Innate Abilities, Weirdness & Mutations

You have very sharp fingernails.


Message History

You start resting.
HP restored.
You start waiting.
Done waiting.
Unknown command.
A sky beast comes into view.
Unknown command.
The endoplasm quivers.
You scratch the endoplasm.
The endoplasm is severely wounded.
The endoplasm freezes you.
You are frozen.
You scratch the endoplasm but do no damage.
The endoplasm is severely wounded.
The endoplasm freezes you.
You are frozen.
You barely miss the endoplasm.
The endoplasm is severely wounded.
The endoplasm misses you.
You scratch the endoplasm.
You kill the endoplasm!
Makhleb accepts your kill.
g - a scroll labelled CUYXUE LOREAT
i - a scroll labelled AKLECHAPOF You see here 11 gold pieces.
Unknown command.
You now have 24 gold pieces (gained 11).
Unknown command.
Found a pink potion.
The endoplasm closely misses you.
You scratch the endoplasm. You claw the endoplasm.
You kill the endoplasm!
Makhleb accepts your kill.
Unknown command.
The centaur shouts!
The centaur shoots an arrow.
The arrow hits you!
The centaur shoots an arrow.
The arrow hits you!
* * * LOW HITPOINT WARNING * * *
The centaur shoots an arrow.
The arrow hits you!
You die...

##..#######
#........
##.......## #..
##........# #...
#.........###....
#........##......
#........#......#
#.......#......##
#.....#<........#
########@.......#
##.......#
#.......##
##........
#.........
#........##
#!...c...#
#.........#
#.........#


You could see a centaur.

Vanquished Creatures
  A hound skeleton (D:4)
  2 adders (D:3)
  2 dart slugs
  2 ball pythons (D:1)
  5 endoplasms
  A giant cockroach (D:2)
  6 goblins
  5 hobgoblins
  4 jackals (D:2)
  6 bats
  3 frilled lizards
  2 kobolds
  8 rats
47 creatures vanquished.

Vanquished Creatures (others)
  A plant (D:4)
1 creature vanquished.

Grand Total: 48 creatures vanquished

Notes
Turn   | Place    | Note
-------+----------+-------------------------------------------
     0 | D:1      | Zonian the Demonspawn Ice Elementalist began the quest for
                  | the Orb.
     0 | D:1      | Reached XP level 1. HP: 13/13 MP: 3/3
   519 | D:1      | Gained mutation: You have sharp fingernails. [demonic
                  | ancestry]
   519 | D:1      | Reached XP level 2. HP: 19/19 MP: 5/5
   809 | D:1      | Found a faded altar of an unknown god.
   813 | D:1      | Prayed at the altar of an unknown god.
   813 | D:1      | Became a worshipper of Makhleb the Destroyer
   813 | D:1      | Reached * piety under Makhleb
  1626 | D:2      | Reached XP level 3. HP: 24/24 MP: 4/6
  1766 | D:2      | Learned a level 3 spell: Frozen Ramparts
  2016 | D:3      | Reached skill level 4 in Ice Magic
  2253 | D:3      | Found Itsairch's Armour Shop.
  2258 | D:3      | Bought a scarf of shadows for 120 gold pieces
  2294 | D:3      | Noticed Robin
  2323 | D:3      | Reached ** piety under Makhleb
  2324 | D:3      | Gained mutation: You have very sharp fingernails. [demonic
                  | ancestry]
  2324 | D:3      | Reached XP level 4. HP: 22/30 MP: 1/7
  2758 | D:4      | Noticed Eustachio
  2820 | D:4      | Noticed a centaur
  3257 | D:4      | Noticed a sky beast
  3297 | D:4      | Shot with an arrow by a centaur

Illustrated notes

Levels and vault maps discovered:
D:1:      ncdulo_halloftheorcs, layout_basic,
          hellmonk_ecumenical_altar_inner_sanctum, serial_glass,
          glass_columns_a, glass_columns_b, glass_columns_b, glass_columns_b,
          glass_columns_c, glass_columns_a, glass_columns_a, glass_columns_b,
          glass_columns_c, glass_columns_a, glass_columns_a, glass_columns_c,
          glass_columns_a, glass_columns_a, corexii_item_surrounded_by_moat
D:2:      layout_basic
D:3:      layout_rooms, serial_shops, nicolae_shop_hallway_plus, uniq_robin
D:4:      layout_cave_pods, minmay_temple_entry_crystal_x, serial_shops,
          nicolae_shop_overgrown_old_shop, uniq_eustachio, uniq_menkaure

Skill      XL: |  1  2  3 |
---------------+----------+-----
Stealth        | 2 |  2.6
Dodging        | 2 |  2.5
Ice Magic      | 4 |  4.1
Unarmed Combat | |  0.1
Spellcasting   | |  2.6

Action                   |  1- 3 |  4- 6 || total
-------------------------+-------+-------++-------
Melee: Unarmed           |     6 |    12 ||    18
       Short sword       |    50 |     3 ||    53
       Punch             |     1 |     2 ||     3
 Cast: Freeze            |    43 |     1 ||    44
  Use: Scroll            |       |     5 ||     5
 Stab: Sleeping          |     2 |       ||     2
Armor: Robe              |    19 |     1 ||    20
Dodge: Dodged            |    63 |    11 ||    74
